 Dungeon Crawl Stone Soup version 0.32-a0-871-ge202e49faa (webtiles) character file.

Game seed: 6310678752924699826

7671 ezpacito the Chopper (level 11, -5/84 HPs)
             Began as a Coglin Chaos Knight on Mar 29, 2024.
             Was a Plaything of Xom.
             Killed from afar by a gargoyle (14 damage)
             ... with a stone arrow
             ... on level 10 of the Dungeon.
             The game lasted 00:11:39 (10139 turns).

ezpacito the Chopper (Coglin Chaos Knight)         Turns: 10139, Time: 00:11:40

Health: -5/84      AC: 20    Str: 18    XL:     11   Next: 18%
Magic:  15/15      EV:  9    Int: 11    God:    Xom [....*.]
Gold:   401        SH:  0    Dex: 13    Spells: 16/16 levels left

rFire   . . .        a - +2 hand axe (chaos) {Gebhard}
rCold   + . .        c - +3 trident (drain) {Suchat}
rNeg    + . .        j - +1 chain mail {rN+}
rPois   .            z - +0 hat
rElec   .            w - +1 cloak
rCorr   .            l - +0 pair of gloves
SInv    .            (no boots)
Will    .....        (amulet unavailable) Stlth
                     (ring unavailable)
HPRegen 0.34/turn    (ring unavailable)
MPRegen 0.14/turn    (no gizmo)

%: no passive effects
@: about to teleport, fugue, attractive, revved
A: off-hand wielding, slow wielding, warmup strikes, no jewellery, beak,
iridescent scales 3, cold resistance 1, screaming 1, teleportitis 1, MP-powered
wands
a: Invent Gizmo, Renounce Religion


You were on level 10 of the Dungeon.
You worshipped Xom.
You were a beloved toy of Xom.
You visited 2 branches of the dungeon, and saw 11 of its levels.

You collected 667 gold pieces.
You spent 266 gold pieces at shops.

Inventory:

Hand Weapons
 a - a +2 hand axe of chaos (weapon) {Gebhard}
 c - a +3 trident of draining (offhand) {Suchat}
 f - a +5 war axe
 p - a +0 scythe of pain
Missiles
 g - 12 javelins (quivered)
 o - 11 poisoned darts
 y - 4 boomerangs
 A - a throwing net
Armour
 h - a +0 plate armour
 j - a +1 chain mail of positive energy (worn)
 l - a +0 pair of gloves (worn)
 q - a +0 helmet
 v - the +0 chain mail "Megowa" {Int+3 Dex+3}
   (You bought it in a shop on level 3 of the Dungeon)

   Int+3:     It affects your intelligence (+3).
   Dex+3:     It affects your dexterity (+3).
 w - a +1 cloak (worn)
 x - +0 storm dragon scales
 z - a +0 hat (worn)
Talismans
 k - a beast talisman
 m - a blade talisman
Scrolls
 b - a scroll of revelation {unknown}
 d - a scroll of fear {unknown}
 e - a scroll of vulnerability
 i - 2 scrolls of acquirement {unknown}
 r - a scroll of summoning {unknown}
 s - 2 scrolls of noise
 t - a scroll of teleportation
Potions
 n - a potion of lignification
 u - a potion of magic
 B - a potion of mutation
 C - a potion of enlightenment


   Skills:
 * Level 7.1 Fighting
 * Level 7.1(8.2) Axes
 * Level 5.7(7.1) Polearms
 * Level 6.1 Armour
 * Level 5.9 Dodging
 + Level 3.7 Stealth
 + Level 2.4 Unarmed Combat
 + Level 3.3 Spellcasting
 + Level 3.5 Necromancy
 + Level 5.3 Evocations


You had 16 spell levels left.
You didn't know any spells.
Your spell library was empty.

Dungeon Overview and Level Annotations

Branches:
Dungeon (10/15)            Temple (1/1) D:7            Lair (0/5) D:9
    Orc (0/2) D:10

Altars:
Ashenzari
Dithmenos
Elyvilon
Fedhas
Gozag
Hepliaklqana
Kikubaaqudgha
Makhleb
Nemelex Xobeh
Okawaru
Qazlal
Ru
Sif Muna
Trog
Uskayaw
Vehumet
Wu Jian
Xom
Zin
The Shining One

Shops:
D:3 [   D:9 *


Innate Abilities, Weirdness & Mutations

You can wield a second weapon in your off-hand.
It takes a long time for you to wield or remove held weapons.
Your first few attacks do less damage.
You cannot equip rings or amulets.
You have a beak for a mouth.
You are completely covered in iridescent scales. (AC +6)
Your flesh is cold resistant. (rC+)
You occasionally shout uncontrollably at your foes.
You are occasionally teleported next to monsters.
You expend magic power (3 MP) to strengthen your wands.


Message History

You are too injured to fight recklessly!
You closely miss the gargoyle with your +3 trident of draining.
The gargoyle is severely damaged.
You hit the gargoyle but do no damage.
The gargoyle looks even weaker.
The gargoyle hits you with a +0 flail!
You take 14 damage, and have 34/84 hp.
You hit the gargoyle but do no damage.
You peck the gargoyle, but do no damage.
The gargoyle is severely damaged.
You hit the gargoyle but do no damage. The gargoyle hits you with a +0 flail.
You take 6 damage, and have 28/84 hp.
Okay, then.
Okay, then.
Okay, then.
You barely miss the gargoyle with your +3 trident of draining.
You peck the gargoyle, but do no damage.
The gargoyle is severely damaged.
You hit the gargoyle but do no damage. The gargoyle barely misses you.
The gargoyle misses you.
You barely miss the gargoyle with your +3 trident of draining.
You peck the gargoyle, but do no damage.
The gargoyle is severely damaged.
You hit the gargoyle but do no damage.
The acid corrodes the gargoyle!
You barely miss the troll zombie with your +2 hand axe of chaos. "Go forth and cause havoc, mortal!"
You feel attractive to monsters.
The gargoyle hurls a stone arrow at you.
The stone arrow hits you!
* * * LOW HITPOINT WARNING * * *
The troll zombie barely misses you.
The troll zombie claws you but does no damage.
The troll zombie claws you!
* * * LOW HITPOINT WARNING * * *
You take 20 damage, and have 9/84 hp.
MASSIVE DAMAGE!!
As you read the scroll of teleportation, it crumbles to dust.
You feel strangely unstable.
The gargoyle hurls a stone arrow at you.
The stone arrow hits you!
You die...
Xom guffaws!

).)#...# #####.....
.))#.#.## #......ß....
#).#.#..#####...........
...#.##.....#...........
#..#.....##.$...........
.......#....)ß.....>....
#..###.####.............
#.........###......$....
##.###.##.# #...@9......
##.###.##. #...Z..ß....
#......... #####.....##
..#######. ...### .....#
..## ..##.# .## ..## #
.. ..... .. .#####..


You could see a gargoyle (fast, strong, corroded, weak) and a troll zombie.

Vanquished Creatures
  A two-headed ogre (D:9)
  Jeremiah (D:8)
  A hornet (D:9)
  A troll (D:10)
  Sigmund (D:3)
  A wyvern (D:7)
  10 yaks
  2 steam dragons
  A two-headed ogre zombie (D:10)
  An ice beast (D:8)
  3 orc warriors
  4 sky beasts
  A boggart (D:7)
  An ogre (D:7)
  2 centaurs
  3 phantoms
  2 kobold brigands
  2 bullfrogs
  Blork the orc (D:4)
  A gnoll sergeant (D:9)
  3 scorpions
  7 wights (D:8)
  4 killer bees (D:7)
  2 troll zombies (D:10)
  4 howler monkeys
  A bombardier beetle (D:4)
  A gnoll bouda (D:6)
  Crazy Yiuf (D:3)
  2 hounds (D:4)
  2 jellies
  10 orc priests
  Ijyb (D:3)
  Terence (D:3)
  2 sleepcaps (D:7)
  4 iguanas
  Natasha (D:3)
  8 orc wizards
  2 ogre zombies (D:10)
  8 gnolls
  5 adders
  2 shadow imps
  A white imp (D:6)
  A ribbon worm (D:2)
  A dart slug (D:2)
  21 orcs
  6 ball pythons
  5 bats
  7 endoplasms
  4 giant cockroaches
  2 gnoll zombies (D:10)
  A hobgoblin (D:4)
  2 jackals (D:1)
  17 kobolds
  3 quokkas
  2 frilled lizards
  2 gnoll skeletons (D:10)
  5 goblins
  3 orc skeletons (D:10)
  14 orc zombies (D:10)
  3 rats
211 creatures vanquished.

Vanquished Creatures (collateral kills)
  Grinder (D:3)
  An ice beast (D:6)
  A bullfrog (D:9)
  A wight (D:8)
  A killer bee (D:7)
  An orc priest (D:6)
  A white imp (D:6)
  An orc (D:6)
8 creatures vanquished.

Vanquished Creatures (others)
  A lemure (D:4)
  A killer bee (D:7)
  A jelly (D:6)
3 creatures vanquished.

Grand Total: 222 creatures vanquished

Notes
Turn   | Place    | Note
-------+----------+-------------------------------------------
     0 | D:1      | ezpacito the Coglin Chaos Knight began the quest for the
                  | Orb.
     0 | D:1      | Reached XP level 1. HP: 18/18 MP: 1/1
   109 | D:1      | XOM: god gift: plate armour {god gift}
   139 | D:1      | Reached skill level 1 in Dodging
   165 | D:1      | XOM: scenery: create altars
   186 | D:1      | Reached XP level 2. HP: 24/24 MP: 2/2
   210 | D:1      | XOM: 1-stop teleportation journey
   276 | D:1      | XOM: cloud trail
   540 | D:1      | Found a faded altar of an unknown god.
   659 | D:1      | XOM: summons 2 hostile demons
   667 | D:1      | Gained mutation: Your flesh is cold resistant. (rC+)
                  | [potion of mutation]
   721 | D:1      | XOM: summons 2 hostile demons
   813 | D:1      | XOM: summons 2 hostile demons
  1051 | D:1      | XOM: god gift: wand of iceblast (3)
  1191 | D:2      | Reached XP level 3. HP: 25/29 MP: 3/3
  1743 | D:3      | Noticed Grinder
  1748 | D:3      | Paralysed by Grinder for 3 turns
  1754 | D:3      | XOM: cast spell 'Summon Mana Viper'
  1757 | D:3      | Killed Grinder
  1758 | D:3      | Reached skill level 1 in Polearms
  1758 | D:3      | Reached skill level 1 in Stealth
  1758 | D:3      | Reached skill level 1 in Evocations
  1758 | D:3      | Reached XP level 4. HP: 12/37 MP: 3/5
  1758 | D:3      | Reached XP level 5. HP: 14/42 MP: 3/6
  1758 | D:3      | Reached XP level 6. HP: 16/48 MP: 3/7
  1940 | D:3      | Noticed Sigmund
  1940 | D:3      | XOM: cast spell 'Olgreb's Toxic Radiance'
  1941 | D:3      | XOM: divination: magic mapping
  1943 | D:3      | Found Rosehis's Antique Armour Emporium.
  1947 | D:3      | Killed Sigmund
  1948 | D:3      | Reached skill level 1 in Spellcasting
  2092 | D:3      | Noticed Natasha
  2098 | D:3      | Killed Natasha
  2099 | D:3      | Reached XP level 7. HP: 34/54 MP: 8/8
  2178 | D:3      | Noticed Ijyb
  2191 | D:3      | Killed Ijyb
  2249 | D:3      | XOM: god gift: 47 gold pieces
  2320 | D:3      | Found a runed translucent door.
  2321 | D:3      | Noticed Crazy Yiuf
  2367 | D:3      | Noticed Terence
  2381 | D:3      | Killed Terence
  2572 | D:3      | Killed Crazy Yiuf
  2577 | D:3      | XOM: smoke on damage
  2731 | D:4      | Noticed Pikel
  2737 | D:4      | XOM: divine lightning
  2749 | D:4      | Pikel changed into Pikel the hound
  2749 | D:4      | Noticed Pikel
  2749 | D:4      | XOM: polymorph Pikel -> Pikel the hound
  2750 | D:4      | Killed Pikel the hound
  2967 | D:4      | XOM: give mutations
  2967 | D:4      | Gained mutation: You occasionally shout uncontrollably at
                  | your foes. [Xom's mischief]
  2967 | D:4      | Gained mutation: You are occasionally teleported next to
                  | monsters. [Xom's mischief]
  3031 | D:4      | XOM: give mutations
  3031 | D:4      | Gained mutation: You are partially covered in iridescent
                  | scales. (AC +2) [Xom's grace]
  3031 | D:4      | Gained mutation: You are mostly covered in iridescent
                  | scales. (AC +4) [Xom's grace]
  3033 | D:4      | Noticed Blork the orc
  3044 | D:4      | Killed Blork the orc
  3069 | D:4      | XOM: give mutations
  3069 | D:4      | Gained mutation: You expend magic power (3 MP) to
                  | strengthen your wands. [Xom's grace]
  3069 | D:4      | Gained mutation: You have a beak for a mouth. [Xom's grace]
  3518 | D:4      | XOM: fog
  3623 | D:5      | Entered Level 5 of the Dungeon
  3665 | D:5      | Reached XP level 8. HP: 58/61 MP: 10/10
  3769 | D:3      | Bought a distressingly furry chain mail for 266 gold pieces
  3769 | D:3      | Identified the +0 chain mail "Megowa" {Int+3 Dex+3} (You
                  | bought it in a shop on level 3 of the Dungeon)
  3898 | D:5      | Found a sacrificial altar of Ru.
  4179 | D:5      | XOM: scenery: create altars
  4184 | D:5      | Reached skill level 1 in Necromancy
  4851 | D:6      | XOM: summons friendly chaos spawn
  5006 | D:6      | XOM: cleaving
  5007 | D:6      | XOM: fog
  5012 | D:6      | Reached skill level 5 in Fighting
  5012 | D:6      | Reached skill level 5 in Axes
  5013 | D:6      | XOM: cleaving
  5109 | D:6      | XOM: polymorph kobold brigand -> orc
  5159 | D:6      | Reached XP level 9. HP: 51/68 MP: 12/12
  5171 | D:6      | XOM: 1-stop teleportation journey
  5326 | D:6      | XOM: 1-stop teleportation journey
  5329 | D:6      | XOM: scenery: summon butterflies
  6022 | D:6      | XOM: give mutation
  6022 | D:6      | Gained mutation: You are completely covered in iridescent
                  | scales. (AC +6) [Xom's grace]
  6337 | D:7      | XOM: enchant monster (good)
  6405 | D:7      | XOM: divination: detect items
  6756 | D:7      | Reached skill level 1 in Unarmed Combat
  6814 | D:7      | Found a staircase to the Ecumenical Temple.
  6843 | Temple   | Entered the Ecumenical Temple
  6947 | D:7      | XOM: silly message
  7255 | D:7      | XOM: noise
  7307 | D:8      | XOM: noise
  7364 | D:8      | Noticed Jeremiah
  7380 | D:8      | XOM: summons friendly iron imp
  7402 | D:8      | Reached skill level 5 in Armour
  7419 | D:7      | XOM: scenery: summon butterflies
  7658 | D:8      | XOM: cast spell 'Discord'
  7667 | D:8      | Killed Jeremiah
  7668 | D:8      | Reached XP level 10. HP: 5/74 MP: 0/14
  7844 | D:7      | XOM: divination: detect items
  8023 | D:8      | XOM: summons 6 hostile demons
  8032 | D:8      | XOM: smoke on damage
  8489 | D:8      | Reached skill level 5 in Dodging
  8540 | D:8      | XOM: god gift: scroll labelled GAOPYANNU YPESH {god gift}
  8745 | D:8      | XOM: divination: detect items
  8875 | D:9      | Found Qiegg's Overcharged Wands.
  9043 | D:8      | Reached skill level 5 in Polearms
  9082 | D:8      | XOM: god gift: shortbow {god gift}
  9126 | D:8      | XOM: divination: magic mapping
  9129 | D:9      | XOM: summons 2 friendly demons
  9569 | D:9      | XOM: summons 10 friendly demons
  9592 | D:9      | XOM: divination: magic mapping
  9597 | D:9      | Reached skill level 5 in Evocations
  9629 | D:9      | Noticed a two-headed ogre
  9632 | D:9      | Killed a two-headed ogre
  9754 | D:9      | Found a broken altar of Ashenzari.
  9758 | D:9      | Saw a vision of the Shoals and the Snake Pit.
  9758 | D:9      | Noticed a merfolk siren
  9758 | D:9      | Noticed a merfolk aquamancer
  9758 | D:9      | Noticed a sea snake
  9758 | D:9      | Noticed a merfolk siren
  9758 | D:9      | Noticed a sea snake
  9758 | D:9      | Noticed a merfolk avatar
  9758 | D:9      | Noticed a naga warrior
  9758 | D:9      | Noticed a shock serpent
  9758 | D:9      | XOM: noise
  9758 | D:9      | Noticed a shock serpent
  9761 | D:9      | Noticed a naga mage
  9763 | D:9      | Noticed a cyclops
  9764 | D:9      | Noticed a black mamba
  9764 | D:9      | Noticed a sea snake
  9764 | D:9      | Noticed a shock serpent
  9796 | D:9      | Found a staircase to the Lair.
  9839 | D:10     | Entered Level 10 of the Dungeon
  9897 | D:10     | XOM: cleaving
  9899 | D:10     | Reached XP level 11. HP: 70/83 MP: 15/15
  9978 | D:10     | XOM: cleaving
 10117 | D:10     | Found a staircase to the Orcish Mines.
 10132 | D:10     | XOM: cast spell 'Fugue of the Fallen'
 10138 | D:10     | XOM: potion effect (attraction)
 10139 | D:10     | Killed from afar by a gargoyle

Illustrated notes

Levels and vault maps discovered:
D:1:      psy_arrival_heroes, layout_basic, basic_ecumenical_altar
D:2:      layout_basic
D:3:      layout_rooms, serial_shops, nicolae_shop_tiny_glass, uniq_natasha,
          uniq_ijyb, uniq_sigmund, uniq_crazy_yiuf_cottage, uniq_terence,
          uniq_grinder
D:4:      nicolae_cairo_tiling, layout_loops_ring,
          minmay_fractal_squares_gapless_5, uniq_blork_the_orc, uniq_pikel
D:5:      layout_layer_cave, nicolae_ru_awakened_eye, moated_statue
D:6:      layout_basic, nicolae_eternal_life, chequers_serial_rivers_small_3,
          kennysheep_small_circle
D:7:      layout_basic, minmay_temple_entry_proselytizer
D:8:      layout_loops_ring, uniq_jeremiah
D:9:      layout_rooms, grunt_ashenzari_visionary
          [grunt_ashenzari_visionary_shoals, grunt_ashenzari_visionary_snake],
          lair_entry_dummy, nicolae_shop_overcharged_wands
D:10:     layout_basic, mainiacjoe_overflow_divided_tiny, zombieorc2_lemuel
Temple:   nicolae_temple_two_arcs

Skill      XL: |  1  2  3  4  5  6  7  8  9 10 11 |
---------------+----------------------------------+-----
Dodging        | 1 2 3 4 5 |  5.9
Armour         | 2 3 4 5 6 |  6.1
Polearms       | 1 2 3 4 5 |  5.7
Stealth        | 1 2 3 |  3.7
Evocations     | 1 2 3 4 5 |  5.3
Fighting       | 4 5 6 7 |  7.1
Axes           | 4 5 6 7 |  7.1
Spellcasting   | 1 2 3 |  3.3
Necromancy     | 1 2 3 |  3.5
Unarmed Combat | 1 2 |  2.4

Action                     |  1- 3 |  4- 6 |  7- 9 | 10-12 || total
---------------------------+-------+-------+-------+-------++-------
  Melee: Hand axe          |    94 |    16 |   347 |   180 ||   637
         Dagger            |    86 |    14 |   330 |     1 ||   431
         Peck              |       |       |    52 |    44 ||    96
         Trident           |       |       |       |   225 ||   225
  Evoke: Wand              |       |       |    15 |     1 ||    16
    Use: Scroll            |     5 |     3 |     6 |     3 ||    17
         Potion            |     2 |       |    11 |       ||    13
   Stab: Petrified         |     3 |       |       |       ||     3
         Sleeping          |     2 |       |       |       ||     2
         Confused          |       |       |     7 |     3 ||    10
         Invisible         |       |       |     4 |       ||     4
         Paralysed         |       |       |     4 |       ||     4
         Distracted        |       |       |     3 |       ||     3
         Petrifying        |       |       |       |     1 ||     1
 Armour: Leather armour    |    59 |       |       |       ||    59
         Chain mail        |    21 |    11 |   301 |   200 ||   533
         Skin              |       |       |    22 |       ||    22
  Dodge: Dodged            |    69 |     4 |   124 |   108 ||   305

Table legend: (Time is in decaauts)
 A = Elapsed time spent in this place.
 B = Non-inter-level travel time spent in this place.
 C = Inter-level travel time spent in this place.
 D = Time resting spent in this place.
 E = Time spent auto-exploring this place.
 F = Levels seen in this place.
 G = Mean time per level.
                   A        B        C        D        E       F      G
               +--------+--------+--------+--------+--------+-----+--------+
         Total |  10125 |   9605 |    520 |   1353 |   6708 |  11 |  920.5 |
       Dungeon |  10123 |   9603 |    520 |   1353 |   6708 |  10 | 1012.3 |
        Temple |      1 |      1 |      0 |      0 |      0 |   1 |    1.0 |
               +--------+--------+--------+--------+--------+-----+--------+

Top non-repeatable levels by time:
     D:8: 1572 daAuts
     D:7: 1462 daAuts
     D:6: 1416 daAuts
     D:5: 1143 daAuts
     D:1: 1103 daAuts
     D:3: 1046 daAuts
     D:4: 947 daAuts
     D:2: 612 daAuts
     D:9: 528 daAuts
    D:10: 291 daAuts
  Temple: 1 daAuts
